Map: Ehrenstätte LE

Players

Warbeeps - Winner!

  • Race: Terran Terran
  • League: Platinum
  • Spawn Location: 11:00

Twister

  • Race: Terran Terran
  • League: Silver
  • Spawn Location: 1:00

VOD

Have the link to the VOD?

Description

Time

  • Played on: Feb. 8, 2017, 2:21 p.m.
  • Length: 10:09
Show
View Real Time Build Order
Export as new Build Order

Warbeeps Terran - Winner!

Build Orders: Reaper Expand, MMM Bio 

Get SALT Encoding   

  12  0:02  SCV  
  13  0:14  SCV  
  14  0:19  Supply Depot  
  14  0:26  SCV  
  15  0:41  Refinery, SCV  
  16  0:47  Barracks  
  16  0:53  SCV  
  17  1:05  SCV  
  18  1:17  SCV  
  19  1:33  Orbital Command  
  19  1:35  Reaper  
  20  1:46  Supply Depot  
  20  1:51  Command Center  
  20  2:01  Refinery  
  20  2:02  SCV  
  21  2:19  Barracks Reactor  
  21  2:21  SCV  
  22  2:25  Factory  
  22  2:33  SCV  
  23  2:40  Barracks  
  23  2:46  SCV  
  24  2:58  SCV  
  25  3:10  SCV  
  25  3:12  Orbital Command  
  26  3:21  Marine x2  
  26  3:22  SCV  
  26  3:25  Starport  
  29  3:29  Barracks Tech Lab  
  29  3:30  Factory Reactor  
  29  3:34  SCV  
  29  3:41  SCV  
  31  3:45  Refinery, Supply Depot  
  31  3:46  Supply Depot, Marine, SCV  
  33  3:50  Refinery, Combat Shields  
  33  4:10  SCV x2  
  33  4:12  Marine x2  
  33  4:13  Medivac  
  38  4:22  SCV  
  38  4:23  SCV  
  40  4:24  Engineering Bay  
  40  4:26  Engineering Bay  
  40  4:31  Marine x3  
  42  4:35  SCV x2  
  45  4:47  SCV x2  
  45  4:48  Marine  
  45  4:49  Marine, Marauder  
  51  4:58  Medivac  
  53  5:01  Widow Mine  
  53  5:03  SCV x2  
  53  5:06  Marine x2  
  59  5:07  Terran Infantry Weapons Level 1  
  59  5:11  Armory, Marauder  
  61  5:16  SCV  
  62  5:43  Stimpack  
  62  5:46  Supply Depot  
  62  5:47  Supply Depot  
  62  5:48  Supply Depot  
  62  5:50  Terran Infantry Armor Level 1, SCV x2  
  62  5:52  Marine  
  62  5:57  Marine  
  62  5:59  Marauder  
  60  6:09  Barracks  
  60  6:10  Marine  
  61  6:11  Barracks  
  61  6:12  Barracks  
  61  6:15  Supply Depot, Marine  
  61  6:18  SCV x2  
  64  6:20  Marauder  
  66  6:28  Marine  
  67  6:32  Marine  
  67  6:36  Widow Mine x2  
  67  6:38  Medivac  
  74  6:40  SCV x2  
  74  6:42  Marauder  
  74  6:45  Marine  
  79  6:50  Marine  
  79  6:52  SCV x2  
  79  6:54  Barracks, Command Center  
  82  6:56  Barracks  
  82  7:03  Marauder  
  84  7:15  Marine x4  
  86  7:16  Marine  
  89  7:24  Marauder  
  91  7:33  Marine x5  
  88  7:46  Barracks Reactor x2, Marauder  
  88  7:47  Terran Infantry Weapons Level 2  
  88  7:48  Terran Infantry Armor Level 2  
  88  7:50  Marine  
  88  7:51  Marine x3  
  94  8:05  Marine  
  95  8:06  Marine  
  95  8:08  Marine  
  93  8:22  Marine x4  
  93  8:23  Marine x4  
  93  8:25  Marauder  
  93  8:26  Marine  
  104  8:28  Concussive Shells  
  104  8:37  Orbital Command  
  104  8:40  Marine x4  
  104  8:41  Marine, Command Center  
  109  8:49  Supply Depot  
  109  8:51  Supply Depot  
  109  8:52  Supply Depot, Marine  
  109  8:53  Supply Depot, Marine  
  109  8:57  Marine  
  109  9:04  Medivac  
  109  9:10  Marine x6  
  109  9:11  Marauder  
  109  9:12  Marine x2  
  109  9:15  Marine  
  119  9:32  Marauder  
  119  9:34  Medivac, Barracks Reactor x2  
  119  9:35  Barracks Reactor  
  123  9:40  Marine x6  
Show
View Real Time Build Order
Export as new Build Order

Twister Terran 

Build Orders: MMM Bio 

Get SALT Encoding   

  12  0:02  SCV  
  13  0:14  SCV  
  14  0:20  Supply Depot  
  14  0:26  SCV  
  15  0:42  SCV  
  16  0:44  Barracks  
  16  0:49  Refinery  
  16  0:54  SCV  
  17  1:06  SCV  
  18  1:18  SCV  
  19  1:38  Command Center  
  19  1:43  Orbital Command  
  19  1:50  Refinery, Barracks Reactor  
  19  2:03  Barracks  
  19  2:17  SCV  
  19  2:22  Supply Depot  
  20  2:29  Marine x2  
  22  2:48  Factory  
  22  2:52  Barracks Tech Lab  
  22  2:53  Marine x2  
  22  2:57  Orbital Command  
  24  3:02  SCV  
  25  3:11  Marine x2  
  27  3:14  SCV  
  27  3:15  Marine  
  29  3:23  Combat Shields  
  29  3:27  SCV  
  30  3:28  SCV  
  30  3:29  Marine  
  32  3:39  SCV  
  32  3:40  SCV  
  32  3:41  Starport  
  34  3:42  Factory Reactor  
  34  3:51  SCV  
  34  3:52  SCV  
  34  3:53  Barracks  
  36  3:56  Marine x2  
  38  4:06  Marine  
  39  4:14  Marine, SCV x2  
  42  4:26  SCV x2  
  44  4:38  Factory Tech Lab, SCV x2  
  46  4:42  Stimpack  
  46  4:45  Command Center  
  46  4:57  Barracks Reactor  
  46  5:15  Supply Depot  
  46  5:16  Supply Depot  
  46  5:18  Supply Depot  
  46  5:19  Supply Depot  
  46  5:21  Supply Depot  
  46  5:31  Medivac x2, Marine x2, SCV x2  
  46  5:33  Marine  
  45  5:43  SCV x2  
  45  5:49  Marine x2  
  43  5:51  Marine  
  42  6:02  Marine  
  42  6:03  Marine  
  43  6:06  Marine x2  
  43  6:08  Marine  
  46  6:19  SCV x2  
  46  6:20  Marine  
  46  6:21  Marine  
  46  6:24  Marine x2  
  52  6:26  Marine  
  52  6:31  SCV x2  
  55  6:38  Marine  
  55  6:39  Marine  
  57  6:42  Medivac, Marine x2  
  57  6:43  SCV x2  
  57  6:44  Marine  
  64  6:55  SCV x2  
  64  6:56  Marine x2  
  68  7:02  Marine  
  68  7:07  SCV x2  
  68  7:19  SCV x2  
  70  7:31  SCV x2  
  72  7:43  SCV x2  
  69  8:13  Marine  
  69  8:14  Marine x4  
  37  8:31  Marine  
  37  8:32  Marine x4  
  31  8:49  Marine  
  31  8:50  Marine x4  
  30  9:07  Marine x5  
  35  9:23  Refinery  
  34  9:25  Refinery, Marine x5  
  39  9:43  Marine  
  40  9:46  Engineering Bay, SCV x2  
Tags
 
Add a new tag
Caveats
  • Supply blocks, unpowered buildings, or Contaminate may cause inaccurate times.
  • Supply counts are checked every 10 seconds.